 Dungeon Crawl Stone Soup version 0.25-a0-71-ge910a4a285 (webtiles) character file.

Game seed: 2254264167180842313, levelgen mode: deterministic

1567 Amnesiac the Digger (level 8, -2/52 HPs)
             Began as a Vampire Earth Elementalist on Nov 3, 2019.
             Slain by a slave (8 damage)
             ... led by Pikel
             ... on level 6 of the Dungeon.
             The game lasted 00:09:11 (3831 turns).

Amnesiac the Digger (Vampire Earth Elementalist)    Turns: 3831, Time: 00:09:11

Health: -2/52      AC:  3    Str:  7    XL:     8   Next: 59%
Magic:  1/15       EV: 13    Int: 18    God:
Gold:   286        SH:  0    Dex: 20    Spells: 4/17 levels left

rFire    . . .     SeeInvis +   a - +2 dagger (venom)
rCold    . . .     Gourm    .   (no shield)
rNeg     + . .     Faith    .   u - +1 robe {MR+}
rPois    .         Spirit   .   (no helmet)
rElec    .         Reflect  .   (no cloak)
rCorr    +         Harm     .   (no gloves)
MR       +....     Clarity  +   (no boots)
Stlth    +++.......             w - amulet of rage
HPRegen  0.37/turn              h - ring of positive energy
MPRegen  0.14/turn              t - ring of resist corrosion

@: regenerating quickly
A: no food, fangs 3, see invisible, agile 2, clarity, unbreathing
a: Exsanguinate, Evoke Berserk Rage


You were on level 6 of the Dungeon.
You were alive.

You visited 1 branch of the dungeon, and saw 6 of its levels.

You collected 286 gold pieces.

Inventory:

Hand Weapons
 a - a +2 dagger of venom (weapon)
 b - a +0 hunting sling
Missiles
 j - 31 poisoned darts
 n - 134 stones (quivered)
Armour
 u - a +1 robe of magic resistance (worn)
 v - a +0 pair of gloves
Jewellery
 h - a ring of positive energy (left hand)
 t - a ring of resist corrosion (right hand)
 w - an amulet of rage (around neck)
Scrolls
 d - 3 scrolls of blinking {!r}
 g - 2 scrolls of remove curse {!r, unknown}
 i - a scroll of random uselessness {!r, unknown}
 k - 5 scrolls of magic mapping {!r, unknown}
 l - a scroll of fog {!r, unknown}
 m - a scroll of amnesia {!r, unknown}
 q - a scroll of immolation {!r, unknown}
 r - a scroll of teleportation {!r}
Potions
 c - a potion of heal wounds {!q, unknown}
 e - a potion of resistance {!q, unknown}
 f - a potion of might {!q, unknown}
 o - a potion of degeneration {!q, unknown}
 p - a potion of curing {!q}
 s - a potion of cancellation {!q}


   Skills:
 - Level 3.0 Short Blades
 - Level 2.1 Dodging
 - Level 3.0 Stealth
 + Level 5.0 Spellcasting
 + Level 6.0 Transmutations
 * Level 7.8 Earth Magic


You had 4 spell levels left.
You knew the following spells:

 Your Spells              Type           Power        Failure   Level  Hunger
a - Sandblast             Erth           ####..       1%          1    N/A
b - Passwall              Tmut/Erth      ####....     1%          2    N/A
d - Lee's Rapid Deconstr  Erth           ####......   14%         5    N/A
e - Petrify               Tmut/Erth      ####....     8%          4    N/A
z - Confusing Touch       Hex            #.....       13%         1    N/A

Your spell library contained the following spells:

 Spells                   Type           Power        Failure   Level  Hunger
 Stone Arrow              Conj/Erth      ###...       8%          3    N/A
 Animate Skeleton         Necr           N/A          13%         1    N/A
 Apportation              Tloc           #.....       13%         1    N/A
 Infusion                 Chrm           #...         13%         1    N/A
 Pain                     Necr           #...         13%         1    N/A
 Summon Small Mammal      Summ           #...         13%         1    N/A
 Shroud of Golubria       Chrm/Tloc      #.....       21%         2    N/A
 Song of Slaying          Chrm           #.......     21%         2    N/A
 Regeneration             Chrm/Necr      #.........   36%         3    N/A
 Spectral Weapon          Hex/Chrm       #.......     36%         3    N/A
 Vampiric Draining        Necr           #.........   36%         3    N/A
 Animate Dead             Necr           N/A          78%         4    N/A

Dungeon Overview and Level Annotations

Branches:
Dungeon (6/15)
 Temple: D:4-7

Altars:
Dithmenos
Kikubaaqudgha
Makhleb
Uskayaw
Vehumet
Wu Jian
Xom
Yredelemnul
The Shining One

Annotations:
D:6 Pikel


Innate Abilities, Weirdness & Mutations

You do not eat.
Your natural rate of healing is unusually fast.
You have razor-sharp teeth.
You have supernaturally acute eyesight. (SInv)
You can survive without breathing.
You are very agile. (Dex +4)
You possess an exceptional clarity of mind.


Message History

The slave is moving more slowly.
A slave comes into view. x2
Pikel the Slaver comes into view.
He is wielding a +1 whip of electrocution.
The slave stops moving altogether!
The slave shouts!
The helpless slave fails to defend itself.
You impale the slave!!
The slave is poisoned.
The slave is heavily wounded.
The helpless slave fails to defend itself.
You impale the slave!!
The slave looks as sick as possible!
The slave is almost dead.
Casting: Petrify (safe; 8% risk of failure)
Confirm with . or Enter, or press ? or * to list all spells.
Aiming: Lee's Rapid Deconstruction (slightly dangerous; 14% risk of failure)
Press: ? - help, Dir - move target cursor, f/p - slave Fragment what (e.g. wall or brittle monster)?: a slave (almost dead, poisoned, petrified)
The slave shatters!!
You blow up the slave!
That felt strangely unrewarding.
The blast of petrified fragments hits Pikel.
Pikel is lightly wounded.
Casting: Lee's Rapid Deconstruction (slightly dangerous; 14% risk of failure)
Confirm with . or Enter, or press ? or * to list all spells.
Aiming: Petrify (safe; 8% risk of failure)
Press: ? - help, Shift-Dir - straight line, f - Pikel
Aim: Pikel, wielding a +1 whip of electrocution and wearing a +2 robe (lightly wounded, chance to defeat MR: 58%) Pikel resists with significant effort.
The slave shouts!
Casting: Petrify (safe; 8% risk of failure)
Confirm with . or Enter, or press ? or * to list all spells.
You don't have enough magic to cast that spell.
Pikel says, "Slavery isn't that bad."
Casting: Petrify (safe; 8% risk of failure)
Confirm with . or Enter, or press ? or * to list all spells.
Aiming: Petrify (safe; 8% risk of failure)
Press: ? - help, Shift-Dir - straight line, f/p - Pikel
Aim: Pikel, wielding a +1 whip of electrocution and wearing a +2 robe (lightly wounded, chance to defeat MR: 58%) Pikel resists with significant effort.
The slave hits you. The slave hits you. The slave barely misses you.
The necrophage hits you.
You closely miss the necrophage.
Pikel hits you with a +1 whip of electrocution.
The slave hits you. The necrophage misses you.
Casting: Petrify (safe; 8% risk of failure)
Confirm with . or Enter, or press ? or * to list all spells.
Aiming: Passwall (safe; 1% risk of failure)
Press: ? - help, Dir - move target cursor, p - Pikel A rock wall.
Pikel hits you with a +1 whip of electrocution.
The slave hits you!
* * * LOW HITPOINT WARNING * * *
The necrophage barely misses you.
You begin to meditate on the wall.
You continue meditating on the rock.
Pikel hits you with a +1 whip of electrocution.
* * * LOW HITPOINT WARNING * * *
The slave misses you. The necrophage hits you.
* * * LOW HITPOINT WARNING * * *
You continue meditating on the rock.
Pikel hits you with a +1 whip of electrocution!
* * * LOW HITPOINT WARNING * * *
The slave hits you!
You die...

#...........# #.....###...#
##.....####..# .##........#..#
._#.###.##.#..# .## #.##.#..#
8######......p##########
#........ppK##.......#
###...#######@##.......# #####
# #.>...# #.#
#n##.......###.... #
#.....#^^^^^#.##.......##..<##
#
#...#########.##.......#.#[#.#
#
#...#['^....'..............#)#
#
#...#########..........#.###.#
# ###...#a^^^
#....##.#####.).## # #...# #.#
#.......######### #
#...#######...............


You could see Pikel, 3 slaves and a necrophage.

Vanquished Creatures
  Sigmund (D:6)
  Duvessa (D:4)
  A slave (D:6)
  3 ice beasts
  3 ogres
  A centaur (D:6)
  Blork the orc (D:6)
  2 bullfrogs (D:6)
  Dowan (D:4)
  A scorpion (D:5)
  2 crimson imps
  A hound (D:4)
  An iguana (D:5)
  5 orc wizards (D:5)
  2 worker ants (D:5)
  A hound skeleton (D:6)
  4 gnolls (D:4)
  5 adders
  An adder zombie (D:5)
  A dart slug (D:3)
  A leopard gecko (D:6)
  5 orcs
  A ball python (D:3)
  3 bats
  2 giant cockroaches
  A goblin (D:3)
  3 quokkas
  A frilled lizard (D:4)
  A kobold (D:1)
  A rat (D:1)
57 creatures vanquished.

Notes
Turn   | Place    | Note
-------+----------+-------------------------------------------
     0 | D:1      | Amnesiac the Vampire Earth Elementalist began the quest for
                  | the Orb.
     0 | D:1      | Reached XP level 1. HP: 13/13 MP: 3/3
   174 | D:3      | Reached XP level 2. HP: 19/19 MP: 5/5
   180 | D:3      | Learned a level 2 spell: Passwall
   573 | D:4      | Found an ancient bone altar of Kikubaaqudgha.
   576 | D:4      | Found a burning altar of Makhleb.
   579 | D:4      | Found an ornate altar of the Wu Jian Council.
   650 | D:4      | Reached XP level 3. HP: 17/24 MP: 3/6
   712 | D:4      | Reached XP level 4. HP: 12/30 MP: 4/7
   794 | D:4      | Found a radiant altar of Vehumet.
   870 | D:4      | Learned a level 1 spell: Confusing Touch
   960 | D:5      | Entered Level 5 of the Dungeon
   998 | D:5      | Noticed an ogre
  1004 | D:5      | Killed an ogre
  1004 | D:5      | Reached skill level 4 in Earth Magic
  1004 | D:5      | Reached XP level 5. HP: 35/35 MP: 4/9
  1031 | D:5      | HP: 1/35 [poisoned by a scorpion]
  1037 | D:5      | HP: 1/35 [poisoned by a scorpion]
  1045 | D:5      | HP: 1/35 [poisoned by a scorpion]
  1203 | D:4      | Noticed an ogre
  1209 | D:4      | Killed an ogre
  1229 | D:4      | Learned a level 4 spell: Petrify
  1302 | D:4      | Found a hide-covered altar of Uskayaw.
  1314 | D:4      | Noticed an ogre
  1346 | D:4      | Reached skill level 5 in Earth Magic
  1346 | D:4      | Reached XP level 6. HP: 41/41 MP: 8/10
  1552 | D:4      | Found a glowing golden altar of the Shining One.
  1717 | D:4      | Noticed Duvessa
  1718 | D:4      | Noticed Dowan
  1941 | D:4      | Killed Dowan
  1994 | D:4      | Gained mutation: You possess an exceptional clarity of
                  | mind. [potion of mutation]
  1994 | D:4      | Gained mutation: You are agile. (Dex +2) [potion of
                  | mutation]
  1994 | D:4      | Gained mutation: You are very agile. (Dex +4) [potion of
                  | mutation]
  1995 | D:4      | HP: 2/41 [Duvessa/+0 short sword (13)]
  2045 | D:4      | Killed Duvessa
  2045 | D:4      | Reached XP level 7. HP: 14/46 MP: 0/12
  2157 | D:4      | Learned a level 5 spell: Lee's Rapid Deconstruction
  2185 | D:4      | Reached skill level 6 in Earth Magic
  2295 | D:5      | Reached skill level 1 in Short Blades
  2381 | D:5      | Reached skill level 5 in Transmutations
  2843 | D:5      | Found a glowing silver altar of Zin.
  2845 | D:5      | Found a sacrificial altar of Ru.
  2845 | D:5      | Found a shadowy altar of Dithmenos.
  2847 | D:5      | Found a shimmering altar of Xom.
  2847 | D:5      | Found a bloodstained altar of Trog.
  2847 | D:5      | Found an opulent altar of Gozag.
  3007 | D:6      | Noticed Blork the orc
  3013 | D:6      | Killed Blork the orc
  3119 | D:6      | Reached XP level 8. HP: 52/52 MP: 1/14
  3124 | D:6      | Reached skill level 7 in Earth Magic
  3141 | D:6      | Noticed Sigmund
  3164 | D:6      | Killed Sigmund
  3586 | D:6      | Reached skill level 5 in Spellcasting
  3668 | D:6      | Found a shadowy altar of Dithmenos.
  3784 | D:6      | Found a basalt altar of Yredelemnul.
  3793 | D:6      | Noticed Pikel
  3831 | D:6      | Slain by a slave

Levels and vault maps discovered:
D:1:      psy_arrival_radial02, layout_basic, serial_corexii_hall,
          corexii_hall_statues_u, chequers_hall_statues_corner_a
D:2:      layout_loops_ring, lemuel_crystal_altar, kennysheep_pointless_box,
          columned_hall_lemuel
D:3:      cheibrodos_greedy_goblins, layout_basic,
          chequers_ecumenical_altar_grove
D:4:      layout_basic, lemuel_doored_altar, vehumet_crystals,
          kennysheep_little_box, minmay_overflow_temple_star_quad, uniq_duvessa
D:5:      layout_gridville, first_ration, doesnt_xom_only_xom
D:6:      layout_loops_cross, lemuel_coloured_pillars_altar,
          nicolae_overflow_hidden_temple, cheibriados_altar_1, grunt_tough_drop,
          uniq_blork_the_orc, uniq_pikel, uniq_sigmund

Skill      XL: |  1  2  3  4  5  6  7  8 |
---------------+-------------------------+-----
Transmutations | 2 3 4 5 6 |  6.0
Earth Magic    | 4 5 6 7 |  7.8
Spellcasting   | 3 4 5 |  5.0
Short Blades   | 2 3 |  3.0
Dodging        | |  2.1
Stealth        | |  3.0

Action                   |  1- 3 |  4- 6 |  7- 9 || total
-------------------------+-------+-------+-------++-------
Melee: Dagger            |       |    14 |    94 ||   108
       Bite              |       |     2 |     5 ||     7
 Fire: Hunting sling     |    74 |    41 |       ||   115
 Cast: Sandblast         |     8 |    25 |    12 ||    45
       Petrify           |       |     4 |    16 ||    20
       Passwall          |       |       |     2 ||     2
       Lee's Rapid Decon |       |       |     3 ||     3
  Use: Potion            |       |     3 |       ||     3
       Scroll            |       |       |     3 ||     3
 Stab: Petrified         |       |    10 |    17 ||    27
       Petrifying        |       |       |     6 ||     6
       Sleeping          |       |       |     3 ||     3
Armor: Robe              |     6 |       |     4 ||    10
Dodge: Dodged            |    43 |    13 |    63 ||   119

Table legend:
 A = Non-vault XP
 B = Vault XP
 C = Vault XP percentage of total XP
 D = Non-vault monster count
 E = Vault monster count
 F = Vault count percentage of total count
                 A         B        C        D         E       F
            +---------+---------+-------+---------+---------+-------
      Total |    1615 |     624 |  27.9 |      51 |       5 |   8.9
            +---------+---------+-------+---------+---------+-------
        D:1 |       6 |       0 |   0.0 |       4 |       0 |   0.0
        D:3 |      44 |       0 |   0.0 |       9 |       0 |   0.0
        D:4 |     365 |     211 |  36.6 |      13 |       2 |  13.3
        D:5 |     687 |       0 |   0.0 |      18 |       0 |   0.0
        D:6 |     513 |     413 |  44.6 |       7 |       3 |  30.0
            +---------+---------+-------+---------+---------+-------
